Map: Prion Terraces

Players

Frozzen

  • Race: Protoss Protoss
  • League: Gold

Boltan

  • Race: Protoss Protoss
  • League: Platinum

EnergySource

  • Race: Zerg Zerg

dXSazuru

  • Race: Zerg Zerg

VOD

Have the link to the VOD?

Description

Time

  • Played on: Nov. 13, 2015, 1:19 p.m.
  • Length: 19:07
Show
View Real Time Build Order
Export as new Build Order

Frozzen Protoss 

Build Orders:  

Get SALT Encoding   

  12  0:01  Probe (Chrono Boost)  
  13  0:12  Probe (Chrono Boost)  
  14  0:21  Pylon  
  14  0:25  Probe (Chrono Boost)  
  15  0:39  Probe (Chrono Boost)  
  15  0:42  Gateway  
  16  0:48  Assimilator  
  16  0:50  Probe (Chrono Boost)  
  17  1:00  Probe (Chrono Boost)  
  18  1:04  Pylon  
  18  1:11  Probe (Chrono Boost), Assimilator  
  19  1:21  Probe (Chrono Boost)  
  20  1:26  Pylon  
  20  1:35  Cybernetics Core  
  20  1:45  Probe (Chrono Boost)  
  21  1:55  Probe (Chrono Boost)  
  22  2:07  Nexus  
  22  2:09  Probe (Chrono Boost)  
  22  2:14  Adept  
  23  2:21  Probe (Chrono Boost)  
  26  2:23  Warp Gate (Chrono Boost)  
  26  2:33  Probe (Chrono Boost)  
  27  2:41  Stalker  
  31  2:44  Mothership Core (Chrono Boost)  
  31  2:55  Robotics Facility  
  31  3:02  Probe (Chrono Boost)  
  32  3:08  Gateway  
  32  3:13  Stalker  
  34  3:22  Probe (Chrono Boost)  
  34  3:25  Probe (Chrono Boost)  
  36  3:31  Probe (Chrono Boost)  
  37  3:35  Probe  
  38  3:42  Probe  
  38  3:43  Adept  
  38  3:46  Observer  
  38  3:48  Probe, Pylon  
  43  3:52  Probe  
  44  4:00  Probe  
  45  4:07  Probe  
  46  4:12  Probe  
  46  4:16  Immortal  
  53  4:18  Probe  
  53  4:21  Assimilator  
  53  4:23  Sentry  
  57  4:24  Probe, Pylon  
  57  4:28  Probe  
  55  4:38  Probe  
  55  4:39  Probe  
  56  4:49  Probe  
  56  4:50  Probe, Assimilator  
  58  4:53  Adept  
  58  4:54  Adept  
  58  4:55  Immortal  
  66  5:02  Probe  
  67  5:07  Robotics Bay  
  67  5:12  Probe  
  67  5:14  Probe  
  69  5:23  Probe  
  69  5:26  Pylon  
  70  5:32  Pylon  
  70  5:36  Pylon  
  70  5:39  Pylon  
  70  5:44  Probe x2, Immortal (Chrono Boost)  
  75  5:58  Stalker  
  75  5:59  Stalker  
  75  6:02  Nexus  
  79  6:07  Pylon  
  81  6:18  Disruptor (Chrono Boost)  
  81  6:25  Adept x2  
  85  6:42  Gateway  
  85  6:43  Nexus  
  85  6:44  Gateway  
  85  6:45  Pylon  
  85  6:47  Gateway, Disruptor (Chrono Boost)  
  85  6:49  Pylon  
  88  6:58  Extended Thermal Lance (Chrono Boost)  
  88  7:02  Adept x2, Pylon  
  92  7:15  Disruptor  
  92  7:16  Stargate  
  95  7:40  Nexus  
  95  7:47  Colossus  
  95  7:53  Forge  
  99  8:13  Void Ray  
  103  8:23  Assimilator  
  103  8:26  Assimilator  
  103  8:27  Twilight Council, Photon Cannon  
  103  8:29  Gateway  
  103  8:31  Stalker, Gateway  
  103  8:33  Colossus  
  105  8:36  Adept  
  105  8:39  Protoss Ground Weapons Level 1 (Chrono Boost)  
  113  8:46  Fleet Beacon  
  113  8:51  Probe  
  114  8:56  Void Ray  
  114  8:57  Probe  
  119  9:03  Probe  
  119  9:08  Probe  
  121  9:10  Adept x4  
  121  9:11  Adept  
  121  9:13  Blink  
  131  9:18  Probe  
  132  9:28  Colossus, Photon Cannon  
  132  9:29  Probe  
  139  9:39  Void Ray  
  139  9:40  Probe  
  144  9:56  Robotics Facility  
  144  9:58  Photon Cannon  
  150  10:19  Observer  
  150  10:22  Void Ray  
  155  10:29  Nexus  
  155  10:33  Pylon  
  155  10:35  Photon Cannon  
  155  10:44  Colossus  
  155  10:46  Probe  
  155  10:49  Pylon  
  156  10:52  Pylon  
  162  10:57  Probe  
  162  11:03  Protoss Ground Weapons Level 2 (Chrono Boost)  
  163  11:05  Pylon x2  
  163  11:07  Disruptor  
  163  11:08  Probe  
  167  11:11  Photon Cannon  
  167  11:15  Stalker  
  169  11:18  Probe  
  169  11:19  Stalker  
  169  11:20  Stalker  
  169  11:23  Stalker  
  176  11:29  Probe  
  175  11:32  Colossus  
  170  11:52  Stalker x2  
  170  11:53  Stalker x4  
  182  11:58  Warp Prism  
  184  12:09  Probe  
  184  12:14  Photon Cannon  
  185  12:16  Pylon  
  185  12:19  Photon Cannon  
  185  12:20  Probe  
  177  12:38  Pylon  
  177  12:41  Probe, Pylon  
  172  12:51  Probe, Warp Prism  
  157  12:59  Adept x3  
  157  13:00  Adept  
  164  13:05  Probe  
  164  13:10  Colossus  
  170  13:18  Probe  
  171  13:26  Colossus  
  171  13:28  Protoss Ground Weapons Level 3 (Chrono Boost)  
  171  13:30  Probe  
  171  13:31  Adept  
  171  13:32  Stalker x2, Adept x2  
  188  13:39  Pylon  
  188  13:40  Pylon  
  188  13:45  Pylon  
  188  13:46  Pylon  
  188  13:48  Probe  
  187  14:00  Probe  
  135  14:24  Adept x4  
  135  14:25  Adept x3  
  145  14:40  Colossus  
  145  14:45  Immortal  
  155  14:46  Adept  
  155  14:49  Adept  
  159  14:54  Probe  
  142  15:05  Probe  
  117  15:15  Probe, Adept x2  
  120  15:26  Probe  
  108  15:36  Probe  
  78  15:47  Probe  
  78  15:48  Stalker x3  
  67  15:51  Observer x2  
  69  15:57  Probe  
  70  16:08  Probe  
  71  16:11  Mothership Core, Colossus, Assimilator  
  71  16:12  Immortal  
  71  16:14  Adept x3, Assimilator  
  89  16:18  Probe  
  90  16:31  Nexus  
  90  16:35  Stalker  
  90  16:50  Adept x2  
  90  16:51  Adept  
  90  16:53  Pylon  
  90  16:54  Pylon  
  96  17:07  Probe  
  96  17:12  Observer Gravitic Boosters  
  96  17:13  Stalker  
  99  17:17  Immortal (Chrono Boost)  
  99  17:18  Probe  
  99  17:22  Pylon  
  104  17:28  Probe  
  104  17:32  Adept x2  
  109  17:39  Probe  
  110  17:53  Photon Cannon  
  108  18:18  Stalker x2  
  118  18:20  Stalker x2  
  118  18:23  Stalker, Immortal (Chrono Boost)  
  132  18:28  Immortal (Chrono Boost)  
  116  18:35  Stalker x2  
  65  18:50  Adept x4  
  65  18:51  Adept  
Show
View Real Time Build Order
Export as new Build Order

Boltan Protoss 

Build Orders:  

Get SALT Encoding   

  12  0:04  Drone  
  13  0:10  Drone  
  14  0:17  Overlord  
  14  0:25  Drone, Extractor  
  15  0:36  Drone  
  15  0:40  Drone  
  17  0:56  Hatchery  
  16  1:01  Drone  
  16  1:03  Drone, Extractor  
  17  1:15  Spawning Pool  
  16  1:18  Drone  
  17  1:29  Drone  
  17  1:31  Overlord  
  18  1:45  Drone  
  19  1:53  Drone  
  20  2:02  Queen  
  20  2:06  Metabolic Boost  
  22  2:09  Queen  
  22  2:12  Drone  
  25  2:16  Drone  
  25  2:19  Drone  
  27  2:23  Drone  
  27  2:27  Drone  
  29  2:30  Drone  
  29  2:35  Overlord  
  30  2:44  Drone  
  31  2:49  Pneumatized Carapace  
  31  2:51  Queen  
  33  2:58  Drone x2  
  33  2:59  Drone  
  33  3:02  Zergling x2  
  37  3:07  Zergling x2  
  38  3:24  Hatchery  
  37  3:34  Queen  
  37  3:35  Drone x3  
  37  3:36  Drone x2  
  37  3:38  Overlord  
  44  3:45  Roach Warren  
  43  4:01  Zergling x10  
  43  4:02  Zergling x2  
  48  4:12  Overlord  
  48  4:47  Drone  
  48  4:48  Drone x11  
  48  4:49  Drone x2  
  62  4:53  Lair  
  62  5:00  Evolution Chamber, Drone x3  
  62  5:02  Evolution Chamber  
  62  5:03  Extractor  
  62  5:04  Extractor  
  62  5:06  Extractor  
  60  5:10  Spore Crawler x2  
  60  5:11  Spore Crawler  
  57  5:16  Drone x3  
  57  5:18  Drone x3  
  57  5:20  Overlord  
  63  5:22  Overlord  
  63  5:24  Overlord  
  63  5:28  Zerg Missile Weapons Level 1  
  63  5:29  Zerg Ground Armor Level 1  
  63  5:36  Spine Crawler  
  62  5:57  Roach x3  
  62  5:58  Roach x7  
  62  5:59  Overlord  
  82  6:10  Glial Reconstitution  
  82  6:29  Hatchery  
  82  6:31  Hatchery  
  80  6:39  Hatchery  
  79  6:41  Drone x3  
  79  6:42  Extractor x2  
  79  6:43  Drone x2  
  79  6:44  Drone, Hydralisk Den  
  79  6:46  Overlord x4  
  79  6:47  Overlord x3  
  82  6:53  Zergling x2  
  78  6:54  Zergling x14  
  78  6:55  Zergling x2  
  78  6:56  Zergling x2  
  87  7:05  Zergling x6  
  87  7:06  Queen  
  93  7:09  Ravager x2  
  93  7:10  Ravager x3  
  93  7:13  Zergling x2  
  99  7:20  Muscular Augments  
  99  7:21  Zergling x18  
  108  7:32  Drone x2  
  108  7:33  Drone x4  
  114  7:38  Zerg Melee Weapons Level 1  
  114  7:40  Zerg Missile Weapons Level 2  
  114  7:55  Zergling x18  
  114  7:56  Zergling x6  
  121  8:01  Hydralisk  
  121  8:02  Hydralisk x2  
  127  8:15  Hydralisk  
  127  8:16  Hydralisk x5  
  139  8:22  Queen  
  141  8:31  Drone x2  
  141  8:32  Drone x7  
  150  8:34  Drone x3  
  153  8:41  Overlord  
  153  9:09  Hydralisk  
  153  9:10  Hydralisk x5  
  153  9:14  Spire  
  164  9:22  Infestation Pit, Zergling x2  
  164  9:23  Overlord x5  
  164  9:24  Overlord  
  164  9:31  Zerg Ground Armor Level 2, Lurker Den  
  164  9:36  Extractor  
  164  9:37  Extractor  
  162  9:40  Extractor x2  
  160  9:47  Hydralisk x6  
  160  9:49  Roach, Zergling x2  
  160  9:50  Zergling x20  
  160  9:51  Drone x3  
  160  9:52  Drone x2  
  190  9:53  Drone  
  191  10:00  Drone x3  
  191  10:02  Drone x2  
  196  10:10  Drone x2  
  198  10:16  Baneling Nest  
  197  10:38  Spore Crawler  
  197  10:40  Hive, Spine Crawler  
  197  10:42  Zerg Flyer Weapons Level 1  
  195  10:58  Lurker x5  
  200  11:33  Hatchery  
  198  11:41  Hatchery  
  198  11:43  Hatchery  
  198  11:46  Corruptor  
  191  11:47  Corruptor x3  
  191  11:48  Hatchery, Corruptor  
  191  11:51  Hatchery  
  197  11:55  Zerg Missile Weapons Level 3  
  197  11:57  Adrenal Glands  
  197  11:59  Corruptor  
  197  12:19  Corruptor x3  
  197  12:29  Overseer x3  
  197  12:36  Corruptor  
  184  13:02  Drone x3  
  184  13:03  Drone x3  
  184  13:04  Drone x2  
  187  13:06  Drone  
  187  13:07  Drone x9  
  195  13:15  Greater Spire  
  195  13:16  Ultralisk Cavern  
  195  13:17  Zerg Melee Weapons Level 2  
  195  13:19  Centrifical Hooks  
  194  13:23  Burrow  
  194  13:26  Overseer x2  
  194  13:27  Overseer x2  
  194  13:30  Queen  
  194  13:56  Hydralisk x3  
  194  14:02  Extractor  
  198  14:04  Extractor  
  198  14:06  Drone  
  161  14:22  Hydralisk x3  
  161  14:23  Hydralisk x5, Roach x5  
  161  14:24  Hydralisk x4, Roach x5  
  164  14:25  Hydralisk x5, Roach x4  
  164  14:26  Roach x4  
  164  14:27  Roach x2  
  192  14:32  Zerg Ground Armor Level 3  
  186  14:40  Hydralisk x3, Roach x2  
  186  14:41  Roach x2  
  200  14:49  Queen  
  190  14:53  Corruptor  
  190  14:54  Corruptor x6  
  190  14:55  Corruptor x4  
  190  14:56  Corruptor  
  190  14:57  Corruptor  
  191  15:00  Roach  
  191  15:01  Roach x2, Zergling x6  
  191  15:02  Zergling x32  
  191  15:03  Zergling x4  
  180  15:12  Zergling x2  
  180  15:13  Zergling x14  
  175  15:18  Corruptor  
  175  15:19  Corruptor  
  175  15:21  Corruptor  
  149  15:38  Zergling x2  
  149  15:39  Zergling x24  
  149  15:40  Zergling x20  
  158  15:53  Drone x4  
  158  15:54  Drone x2  
  158  15:55  Drone  
  158  15:56  Drone x4  
  169  16:09  Corruptor  
  169  16:10  Corruptor x4  
  169  16:20  Extractor  
  169  16:22  Extractor  
  169  16:23  Extractor  
  169  16:24  Extractor  
  165  16:35  Queen, Zerg Flyer Weapons Level 2  
  165  16:38  Chitinous Plating  
  165  16:39  Queen  
  169  16:46  Ultralisk x2  
  187  16:47  Ultralisk  
  187  17:07  Brood Lord  
  187  17:08  Brood Lord x4  
  195  17:09  Brood Lord  
  193  17:56  Drone  
  193  17:57  Drone x6  
  193  18:19  Ultralisk  
  181  18:35  Mutalisk x3  
  181  18:36  Mutalisk x6  
Show
View Real Time Build Order
Export as new Build Order

EnergySource Zerg 

Build Orders:  

Get SALT Encoding   

Show
View Real Time Build Order
Export as new Build Order

dXSazuru Zerg 

Build Orders:  

Get SALT Encoding   

Tags
 
Add a new tag
Caveats
  • Supply blocks, unpowered buildings, or Contaminate may cause inaccurate times.
  • Supply counts are checked every 10 seconds.